 Dungeon Crawl Stone Soup version 0.31.0-9-g3a7656b989 (webtiles) character file.

Game seed: 469646018618426111

1939402 tish the Heavyweight Champion (level 26, 363/366 HPs)
             Began as a Troll Fighter on Feb 1, 2024.
             Was the Champion of Cheibriados.
             Escaped with the Orb
             ... and 3 runes!
             The game lasted 02:30:19 (52692 turns).

tish the Heavyweight Champion (Troll Fighter)      Turns: 52692, Time: 02:30:19

Health: 363/366    AC: 37    Str: 46    XL:     26   Next: 78%
Magic:  28/28      EV: 18    Int: 21    God:    Cheibriados [******]
Gold:   8236       SH: 26    Dex: 25    Spells: 24/29 levels left

rFire   + .          .
                       - Unarmed
rCold   + + .        b - +5 kite shield
rNeg    + . .        (body armour currently unavailable)
rPois   ∞            i - +2 hat {Will+}
rElec   +            x - scarf {rC+ rF+}
rCorr   .            (gloves unavailable)
SInv    +            (boots unavailable)
Will    ++++.        Q - amulet "Oxkuon" {Reflect SH+5 SInv}
Stlth   +            l - ring of willpower
HPRegen 1.61/turn    U - ring of willpower
MPRegen 0.21/turn

%: reflection
@: statue-form, studying Axes, very slow
A: slow and powerful, torment resistance 1, boosted hp, large, unfitting armour,
claws 3, regeneration 1, (shaggy fur 1), (tough skin 1), clumsy 1, deformed
body, no potion heal 1, subdued magic 1
0: Orb of Zot
}: 3/15 runes: slimy, silver, gossamer
a: Begin Untransformation, Renounce Religion, Bend Time, Temporal Distortion,
Slouch, Step From Time


You escaped.
You worshipped Cheibriados.
Cheibriados was exalted by your worship.
You were a living statue of rough stone.
You visited 10 branches of the dungeon, and saw 49 of its levels.

You collected 10514 gold pieces.
You spent 2278 gold pieces at shops.

Inventory:

Missiles
 k - 4 throwing nets
 v - 12 silver javelins
Armour
 b - a +5 kite shield (worn)
 i - a +2 hat of willpower (worn)
 x - a scarf of resistance (worn)
Jewellery
 l - a ring of willpower (left claw)
 w - a ring of positive energy
 L - the ring "Qiemomm" {+Blink rC+ Str+3}
   (You found it on level 1 of the Spider Nest)

   [ring of protection from cold]

   Str+3:     It affects your strength (+3).
   rC+:       It protects you from cold.
   +Blink:    It lets you blink.
 Q - the amulet "Oxkuon" (around neck) {Reflect SH+5 SInv}
   (You took it off a deep elf elementalist on level 3 of the Elven Halls)

   [amulet of reflection]

   Reflect:   It reflects blocked missile attacks.
   SInv:      It lets you see invisible.
   SH+5:      It affects your SH (+5).
 U - a ring of willpower (right claw)
 W - the ring of Ullek Rarch {rC+ rCorr Int+6}
   (You took it off an ogre mage on level 5 of the Vaults)

   [ring of intelligence]

   Int+6:     It affects your intelligence (+6).
   rC+:       It protects you from cold.
   rCorr:     It protects you from acid and corrosion.
 Z - a ring of protection from fire
Talismans
 D - a talisman of death
 V - the granite talisman "Wulum" (active) {rC+ Dex-3 Stlth+}
   (You bought it in a shop on level 2 of the Orcish Mines)

   [granite talisman]

   Dex-3:     It affects your dexterity (-3).
   rC+:       It protects you from cold.
   Stlth+:    It makes you more stealthy.
Wands
 c - a wand of mindburst (61)
 m - a wand of charming (59)
 r - a wand of digging (10)
 t - a wand of quicksilver (10)
 u - a wand of roots (69)
 K - a wand of polymorph (35)
Scrolls
 a - 23 scrolls of identify
 d - 9 scrolls of amnesia
 g - 17 scrolls of teleportation
 j - 10 scrolls of immolation
 s - 10 scrolls of blinking
 z - 3 scrolls of brand weapon
 A - 7 scrolls of summoning
 C - 5 scrolls of fog
 G - 4 scrolls of revelation
 J - 6 scrolls of poison
 N - 5 scrolls of enchant weapon
 O - 8 scrolls of noise
 P - 2 scrolls of silence
 S - 11 scrolls of fear
Potions
 e - 2 potions of heal wounds
 f - 24 potions of curing
 h - 10 potions of mutation
 n - 10 potions of brilliance
 o - 8 potions of haste
 q - 3 potions of berserk rage
 y - a potion of cancellation
 B - 6 potions of resistance
 E - 5 potions of magic
 F - 8 potions of attraction
 H - 3 potions of ambrosia
 I - 4 potions of invisibility
 M - a potion of enlightenment
 R - 5 potions of might
 Y - 12 potions of lignification
Miscellaneous
 p - a phial of floods
 T - a lightning rod (4/4)
 X - a tin of tremorstones (2/2)


   Skills:
 + Level 19.7 Fighting
 - Level 10.2 Dodging
 - Level 16.6 Shields
 O Level 27 Unarmed Combat
 - Level 2.0 Spellcasting
 - Level 5.0 Translocations
 - Level 8.0 Invocations
 - Level 23.3 Shapeshifting


You had 24 spell levels left.
You knew the following spells:

 Your Spells              Type           Power      Damage    Failure   Level
a - Blink                 Tloc           34%        N/A       2%          2
b - Lesser Beckoning      Tloc           34%        N/A       2%          2
c - Apportation           Tloc           34%        N/A       1%          1

Your spell library contained the following spells:

 Spells                   Type           Power      Damage    Failure   Level
 Momentum Strike          Conj/Tloc      18%        3d8       8%          2
 Foxfire                  Conj/Fire      4%         2x1d4     14%         1
 Kiss of Death            Conj/Necr      4%         2d5       14%         1
 Magic Dart               Conj           4%         1d3       14%         1
 Necrotise                Necr           4%         1d4       14%         1
 Sandblast                Erth           2%         2d4       14%         1
 Slow                     Hex            4%         N/A       14%         1
 Sting                    Conj/Alch      4%         1d3       14%         1
 Summon Small Mammal      Summ           4%         N/A       14%         1
 Volatile Blastmotes      Fire/Tloc      18%        2d11      16%         3
 Manifold Assault         Tloc           17%        N/A       19%         4
 Passage of Golubria      Tloc           17%        N/A       19%         4
 Call Imp                 Summ           2%         N/A       22%         2
 Cigotuvi's Dreadful Rot  Necr/Alch/Air  2%         N/A       22%         2
 Ensorcelled Hibernation  Hex/Ice        2%         N/A       22%         2
 Jinxbite                 Hex            2%         N/A       22%         2
 Mercury Vapours          Alch/Air       2%         N/A       22%         2
 Searing Ray              Conj           2%         2d4       22%         2
 Call Canine Familiar     Summ           1%         N/A       41%         3
 Confusing Touch          Hex            1%         N/A       41%         3
 Dazzling Flash           Conj/Hex       2%         N/A       41%         3
 Frozen Ramparts          Ice            2%         1d1       41%         3
 Fugue of the Fallen      Necr           1%         N/A       41%         3
 Hailstorm                Conj/Ice       1%         3d5       41%         3
 Inner Flame              Hex/Fire       1%         N/A       41%         3
 Mephitic Cloud           Conj/Alch/Air  1%         N/A       41%         3
 Ozocubu's Armour         Ice            1%         N/A       41%         3
 Passwall                 Erth           1%         N/A       41%         3
 Sigil of Binding         Hex            1%         N/A       41%         3
 Stone Arrow              Conj/Erth      2%         3d7       41%         3
 Summon Ice Beast         Ice/Summ       1%         N/A       41%         3
 Swiftness                Air            1%         N/A       41%         3
 Tukima's Dance           Hex            1%         N/A       41%         3
 Vampiric Draining        Necr           1%         2d6       41%         3
 Dimensional Bullseye     Hex/Tloc       4%         N/A       47%         4
 Iskenderun's Mystic Bla  Conj/Tloc      9%         2d4       47%         4
 Anguish                  Hex/Necr       0%         N/A       83%         4
 Animate Armour           Summ/Erth      2%         N/A       83%         4
 Brom's Barrelling Bould  Conj/Erth      1%         2d3       83%         4
 Cause Fear               Hex            0%         N/A       83%         4
 Fulminant Prism          Conj/Alch      0%         3d5       83%         4
 Ignite Poison            Fire/Alch      1%         N/A       83%         4
 Leda's Liquefaction      Alch/Erth      0%         N/A       83%         4
 Martyr's Knell           Necr/Summ      1%         N/A       83%         4
 Olgreb's Toxic Radiance  Alch           1%         N/A       83%         4
 Petrify                  Alch/Erth      1%         N/A       83%         4
 Summon Blazeheart Golem  Fire/Summ      1%         N/A       83%         4
 Summon Lightning Spire   Summ/Air       1%         N/A       83%         4
 Summon Forest            Summ/Tloc      4%         N/A       83%         5
 Dispersal                Tloc           8%         N/A       97%         6
 Alistair's Intoxication  Alch           0%         N/A       99%         5
 Arcjolt                  Conj/Air       0%         1d10      99%         5
 Curse of Agony           Necr           1%         N/A       99%         5
 Fireball                 Conj/Fire      0%         3d3       99%         5
 Freezing Cloud           Conj/Ice/Air   0%         6-21      99%         5
 Irradiate                Conj/Alch      0%         3d11      99%         5
 Iskenderun's Battlesphe  Conj           1%         2d6       99%         5
 Lee's Rapid Deconstruct  Erth           0%         3d4*      99%         5
 Metabolic Englaciation   Hex/Ice        0%         N/A       99%         5
 Silence                  Hex/Air        0%         N/A       99%         5
 Summon Mana Viper        Hex/Summ       1%         N/A       99%         5
 Yara's Violent Unravell  Hex/Alch       0%         3d3       99%         5
 Bombard                  Conj/Erth      0%         9d1       100%        6
 Conjure Ball Lightning   Conj/Air       0%         3x3d6     100%        6
 Death Channel            Necr           0%         N/A       100%        6
 Eringya's Noxious Bog    Alch           0%         4d6       100%        6
 Plasma Beam              Fire/Air       0%         2x1d10    100%        6
 Sculpt Simulacrum        Ice/Alch       0%         N/A       100%        6
 Starburst                Conj/Fire      0%         6d3       100%        6
 Summon Cactus Giant      Summ           0%         N/A       100%        6
 Enfeeble                 Hex            0%         N/A       100%        7
 Haunt                    Necr/Summ      0%         N/A       100%        7
 Malign Gateway           Summ/Tloc      4%         N/A       100%        7
 Monstrous Menagerie      Summ           0%         N/A       100%        7
 Orb of Destruction       Conj           0%         9d5       100%        7
 Ozocubu's Refrigeration  Ice            0%         4d7       100%        7
 Spellforged Servitor     Conj/Summ      0%         N/A       100%        7
 Summon Hydra             Summ           0%         N/A       100%        7
 Borgnjor's Revivificati  Necr           0%         N/A       100%        8
 Discord                  Hex            0%         N/A       100%        8
 Disjunction              Tloc           8%         N/A       100%        8
 Ignition                 Fire           0%         3d3       100%        8
 Maxwell's Capacitive Co  Air            0%         ∞         100%        8
 Dragon's Call            Summ           0%         N/A       100%        9


Dungeon Overview and Level Annotations

Branches:
Dungeon (15/15)            Temple (1/1) D:5            Lair (5/5) D:8
 Shoals (0/4) Lair:2       Spider (4/4) Lair:2        Slime (5/5) Lair:4
    Orc (2/2) D:12            Elf (3/3) Orc:2        Vaults (5/5) D:13
  Crypt (0/3) Vaults:3     Depths (4/4) D:15            Zot (5/5) Depths:4

Altars:
Ashenzari
Cheibriados
Dithmenos
Elyvilon
Fedhas
Gozag
Hepliaklqana
Kikubaaqudgha
Makhleb
Nemelex Xobeh
Okawaru
Qazlal
Ru
Sif Muna
Trog
Uskayaw
Vehumet
Wu Jian
Xom
Yredelemnul
Zin
The Shining One
Jiyva

Shops:
D:3 :   D:4 !   Orc:1 (   Orc:2 ==*(   Elf:2 (   Vaults:3 *   Zot:2 *

Portals:
Hell: Depths:1 Depths:2 Depths:3 Depths:4
Abyss: Depths:3
Pandemonium: Depths:2 Depths:3
Ziggurat: Depths:3

Annotations:
D:12 Sonja
D:15 exclusion: statue
Lair:2 2 transporters, Pechyafi's ghost, journeyman DDEE
Slime:4 Dissolution
Elf:3 3 runed translucent doors, Diacedd's ghost, veteran BaSh
Zot:5 2 transporters, EnegeticOcto's ghost, legendary FoSh


Innate Abilities, Weirdness & Mutations

You are a living statue of rough stone.
Your actions are slow, but your melee attacks are powerful.
You are resistant to unholy torment.
Your maximum health is greatly increased.
Your equipment is partially melded.
You are too large for most types of armour.
You are immune to poison.
You have claws for hands.
Your natural rate of healing is unusually fast.
((You are covered in fur. (AC +1)))
((You have tough skin. (AC +1)))
You are clumsy. (Dex -2)
Armour fits poorly on your strangely shaped body.
Potions are less effective at restoring your health.
Your spells are a little easier to cast, but a little less powerful.


Message History

A Tzitzimitl comes into view.
There is an entrance to Peger's Distillery here.
Casting: Lesser Beckoning (safe; 2% risk of failure)
Confirm with . or Enter, or press ? or * to list all spells.
Aiming: Lesser Beckoning (safe; 2% risk of failure)
Press: ? - help, Shift-Dir - straight line, f - Tzitzimitl
Aim: a Tzitzimitl (100% to hit)
The Tzitzimitl hurls suddenly forward!
You mangle the Tzitzimitl!!
The Tzitzimitl is moderately wounded.
You miss the Tzitzimitl.
The Tzitzimitl is moderately wounded.
The Tzitzimitl engulfs you but does no damage.
The Tzitzimitl bites you but does no damage.
You eviscerate the Tzitzimitl!!!!
You kill the Tzitzimitl!
Cheibriados appreciates the change of pace.
What level of the Dungeon? (default 1, ? - help) Magic restored.
There is a stone staircase leading up here.
You climb upwards.
There is a stone staircase leading down here.
There is a stone staircase leading up here.
You climb upwards.
There is a stone staircase leading down here.
An Ice Fiend comes into view.
The Ice Fiend calls on the powers of darkness!
Your body is wracked with pain!
The Ice Fiend gestures at you. The bolt of cold hits you! You resist.
The Ice Fiend gestures at you. The bolt of cold hits you. You resist.
There is a stone staircase leading up here.
You climb upwards.
There is a stone staircase leading down here.
Your system partially rejects the healing.
You feel much better.
What level of the Dungeon? (default 1, ? - help)
There is a staircase leading out of the dungeon here.
You have escaped!

..#..##......(..........######
#...###..................)...##
##### #.##..#.#>##..##.#####..#
#######.†..†##.###.....# ##.#
........##.##### ##.##.# #.#
........>### ###>.# #.##
........##.## #####.##.# #..#
............###.##.....#######.#
........##..##>#8#..##.#......>#
####'##................#.#####.#
# #.......####..........# #.# #
#####.......#.######### #.# #
#.##.#.##......# #.# #
#....#.........# #.# ###
#######........# #.# ..######
#........# #.# #......##
#........# #.#


There were no monsters in sight!

Vanquished Creatures
  the Royal Jelly (Slime:5)
  7 ancient liches
  Tiamat (Zot:4)
  10 dread liches
  4 orbs of fire
  A juggernaut (Depths:2)
  5 Killer Klowns
  Margery (Depths:2)
  6 caustic shrikes
  16 golden dragons
  Nikola (Elf:1)
  A doom hound (Depths:2)
  3 bone dragons
  Arachne (Spider:4)
  4 Tzitzimimeh
  Rupert (D:15)
  A hellephant (Depths:2)
  3 electric golems
  A walking crystal tome (Depths:3)
  5 liches
  2 walking earthen tomes
  13 tentacled monstrosities
  26 Orb Guardians
  Grunn (Depths:2)
  7 titans (Vaults:5)
  3 deep elf blademasters
  2 deep elf master archers (Elf:3)
  A quicksilver dragon (Vaults:5)
  2 walking divine tomes (Depths:3)
  9 sphinxes
  15 acid blobs
  2 ancient champions (Vaults:3)
  2 death cobs
  Gastronok (Lair:3)
  6 tengu reavers
  Agnes (Elf:2)
  19 shadow dragons
  16 storm dragons
  The ghost of Caoroid the Gelid, an adept DgIE (Elf:1)
  Donald (Orc:2)
  3 draconian monks
  2 protean progenitors
  6 fire giants
  12 azure jellies
  The ghost of Xif Uqaera the Impaler, a journeyman MiFi of Okawaru (Elf:1)
  7 rockslimes
  A deep elf sorcerer (Elf:3)
  3 draconian knights
  9 frost giants
  18 vault wardens
  3 draconian shifters
  6 emperor scorpions
  5 iron dragons
  A balrug (D:14)
  5 spectral caustic shrikes (Depths:3)
  9 ghost moths
  6 draconian scorchers
  2 deep elf elementalists (Elf:3)
  5 draconian stormcallers
  11 stone giants
  9 formless jellyfish
  4 angels (Zot:2)
  5 quicksilver oozes
  2 spriggan defenders (Depths:3)
  14 very ugly things
  2 ironbound thunderhulks
  16 ironbound preservers
  An orc warlord (Vaults:2)
  2 draconian annihilators
  6 deep elf demonologists
  5 vampire knights
  4 broodmothers
  The ghost of Jeojesum the Severer, a journeyman MiBe of Trog (Lair:5)
  5 green draconians
  8 black draconians
  Nessos (Lair:4)
  2 putrid mouths (Depths:2)
  A lorocyproca (D:11)
  4 white draconians
  12 purple draconians
  A war gargoyle (Vaults:5)
  5 deep elf annihilators
  8 dire elephants
  8 yellow draconians
  8 deep elf death magi
  12 spark wasps
  13 red draconians
  A minotaur (Lair:5)
  A crystal guardian (Vaults:3)
  15 ettins
  2 merfolk javelineers
  9 entropy weavers
  2 green deaths
  6 fire dragons
  Josephine (Lair:3)
  16 yaktaur captains
  72 slime creatures
  4 deep elf high priests
  A peacekeeper (Vaults:3)
  2 rakshasas
  4 hydras
  5 radroaches
  32 vault guards
  6 great orbs of eyes
  2 spriggan skeletons (Depths:2)
  3 ogre magi
  2 jorogumos
  17 ice dragons
  3 ironbound frosthearts
  A sphinx zombie (Vaults:2)
  4 spriggan air magi
  Erica (Orc:1)
  A death knight (D:12)
  5 boulder beetles
  8 two-headed ogres
  6 centaur warriors
  5 deep troll shamans
  4 death yaks (Lair:5)
  14 deep troll earth magi
  7 tengu warriors
  3 demonic crawlers
  34 dancing weapons
  A shock serpent (shapeshifter) (Elf:1)
  Urug (D:10)
  A spriggan (Depths:3)
  9 hell knights
  An occultist (D:13)
  26 deep elf knights
  4 sun demons
  Amaemon (Lair:2)
  5 spriggan berserkers
  A shadow wraith (Vaults:5)
  A skyshark (Lair:5)
  6 pharaoh ants
  A soul eater (Depths:3)
  2 shadow demons
  A deep troll (shapeshifter) (Depths:3)
  7 iron trolls
  Lodul (D:11)
  A death drake (Zot:4)
  2 flayed ghosts
  A glowing orange brain (shapeshifter) (Depths:2)
  3 sun moths
  49 deep trolls
  17 orb spiders
  A swamp dragon (Lair:5)
  A mana viper (shapeshifter) (Vaults:5)
  12 deep elf archers
  4 glowing orange brains
  A steelbarb worm (shapeshifter) (Depths:3)
  3 lindwurms (Vaults:1)
  A sea snake (shapeshifter) (Zot:2)
  10 arcanists
  An orange crystal statue (Elf:3)
  5 steelbarb worms
  16 ironbound convokers
  8 necromancers
  6 phantasmal warriors
  5 orc knights
  24 wolf spiders
  25 deep elf pyromancers
  4 manticores
  An orc sorcerer (Orc:1)
  Maurice (D:7)
  23 deep elf zephyrmancers
  32 ugly things
  4 shining eyes
  14 elephants (Lair:5)
  An elephant (shapeshifter) (Zot:2)
  A stone giant zombie (Vaults:3)
  6 kobold blastminers (Orc:2)
  21 moths of wrath
  2 frost giant skeletons
  6 cyclopes
  A black mamba (shapeshifter) (Elf:2)
  A merfolk siren (Lair:2)
  3 black mambas
  3 meliai (D:15)
  A smoke demon (Depths:2)
  Joseph (D:7)
  2 orange demons
  3 eyes of devastation
  A moth of wrath (shapeshifter) (Depths:1)
  4 gargoyles
  18 vault sentinels
  8 torpor snails
  2 yaktaur zombies (Vaults:2)
  Jeremiah (D:7)
  13 cane toads
  2 efreet
  5 rime drakes
  13 komodo dragons
  2 tormentors
  24 yaktaurs
  2 freezing wraiths
  3 tengu conjurers
  Psyche (D:8)
  4 merfolk
  A polar bear (shapeshifter) (Vaults:5)
  5 trolls
  A shadow dragon simulacrum (Depths:2)
  5 hornets
  2 glass eyes
  19 blink frogs
  A tarantella (shapeshifter) (Depths:3)
  23 tarantellas
  8 dream sheep
  An ettin zombie (Vaults:2)
  37 jumping spiders
  21 culicivoras
  A shapeshifter (D:14)
  2 shadows
  6 wyverns
  11 fire elementals
  12 water elementals
  A yak (shapeshifter) (Depths:3)
  69 yaks
  9 wraiths
  A deep troll skeleton (Vaults:1)
  18 humans (D:13)
  7 wargs
  3 basilisks
  4 steam dragons
  A golden eye (Zot:5)
  58 redbacks
  A neqoxec (D:11)
  A human zombie (Depths:2)
  3 vampire mosquitoes (D:12)
  A naga (shapeshifter) (D:14)
  2 glowing shapeshifter zombies
  24 water moccasins
  9 acid dragons
  33 orc warriors
  A swamp drake (Orc:2)
  An ice beast (D:6)
  A sky beast (D:7)
  3 laughing skulls
  2 black bears
  13 centaurs
  14 ogres
  14 wolves
  2 phantoms
  4 kobold brigands
  12 bullfrogs
  2 gnoll sergeants
  2 earth elementals
  An ogre simulacrum (Vaults:3)
  5 scorpions
  2 human skeletons
  9 wights (D:8)
  6 howler monkeys
  An electric eel (Lair:2)
  2 bombardier beetles
  2 crimson imps
  A human simulacrum (Vaults:3)
  2 hounds
  3 orc priests
  2 jellies
  6 iguanas
  An iron imp (Orc:2)
  Terence (D:2)
  12 hell rats
  19 orc wizards
  13 adders
  12 gnolls
  3 shadow imps
  2 white imps
  4 ufetubi
  2 dart slugs
  2 ribbon worms
  56 orcs
  10 ball pythons
  10 bats
  15 endoplasms
  2 giant cockroaches
  4 goblins
  9 hobgoblins
  4 jackals (D:2)
  23 kobolds
  2 quokkas
  7 rats
  An aspiring flesh (Zot:1)
2003 creatures vanquished.

Vanquished Creatures (collateral kills)
  A slime creature (Slime:5)
  An orc (D:5)
2 creatures vanquished.

Vanquished Creatures (others)
  A deep elf sorcerer (Elf:3)
  5 deep elf zephyrmancers
  A torpor snail (Spider:1)
7 creatures vanquished.

Grand Total: 2012 creatures vanquished

Notes
Turn   | Place    | Note
-------+----------+-------------------------------------------
     0 | D:1      | tish the Troll Fighter began the quest for the Orb.
     0 | D:1      | Reached XP level 1. HP: 22/22 MP: 0/0
    94 | D:1      | Reached XP level 2. HP: 29/29 MP: 1/1
   563 | D:1      | Reached XP level 3. HP: 36/36 MP: 2/2
   621 | D:2      | Reached skill level 3 in Unarmed Combat
   646 | D:2      | Reached XP level 4. HP: 41/44 MP: 3/3
   929 | D:2      | Noticed Terence
  1090 | D:2      | Killed Terence
  1203 | D:3      | Reached XP level 5. HP: 53/53 MP: 4/4
  1252 | D:3      | Found Joulufuc's Book Emporium.
  1501 | D:3      | Found a faded altar of an unknown god.
  1557 | D:4      | Found Peger's Distillery.
  1564 | D:4      | Bought 2 potions of heal wounds for 100 gold pieces
  1584 | D:4      | Reached skill level 4 in Unarmed Combat
  1612 | D:4      | Reached XP level 6. HP: 61/61 MP: 5/5
  1807 | D:4      | Found an ancient bone altar of Kikubaaqudgha.
  1810 | D:4      | Found a white marble altar of Elyvilon.
  2200 | D:4      | Reached skill level 5 in Unarmed Combat
  2323 | D:5      | Entered Level 5 of the Dungeon
  2461 | D:5      | Noticed an orc warrior
  2491 | D:5      | Reached XP level 7. HP: 67/67 MP: 6/6
  2632 | D:5      | Found a staircase to the Ecumenical Temple.
  2639 | Temple   | Entered the Ecumenical Temple
  2701 | D:5      | Found a shimmering blue altar of Sif Muna.
  2823 | D:5      | Reached skill level 6 in Unarmed Combat
  2962 | D:5      | Reached XP level 8. HP: 34/78 MP: 7/7
  3607 | D:6      | Reached skill level 5 in Shields
  3632 | D:6      | Found a hazy altar of Hepliaklqana.
  3641 | D:6      | Reached skill level 7 in Unarmed Combat
  4383 | D:7      | Found a snail-covered altar of Cheibriados.
  4416 | D:7      | Reached skill level 5 in Dodging
  4421 | D:7      | Reached skill level 5 in Fighting
  4421 | D:7      | Reached XP level 9. HP: 62/88 MP: 8/8
  4496 | D:7      | Became a worshipper of Cheibriados the Contemplative
  4568 | D:7      | Noticed Jeremiah
  4630 | D:7      | HP: 2/54 [Jeremiah/+2 trident of draining (2)]
  4633 | D:7      | Killed Jeremiah
  4634 | D:7      | Reached skill level 8 in Unarmed Combat
  5034 | D:7      | Noticed Maurice
  5041 | D:7      | Maurice stole a beast talisman
  5044 | D:7      | Maurice stole 17 poisoned darts
  5045 | D:7      | Maurice stole a +4 ring of protection
  5054 | D:7      | Maurice stole 179 gold
  5061 | D:7      | HP: 3/71 [white imp/puff of frost (3)]
  5062 | D:7      | Killed Maurice
  5167 | D:7      | Noticed Joseph
  5180 | D:7      | Killed Joseph
  5278 | D:8      | Reached skill level 9 in Unarmed Combat
  5397 | D:8      | Reached * piety under Cheibriados
  5398 | D:8      | Reached XP level 10. HP: 98/98 MP: 9/9
  5398 | D:8      | Found a staircase to the Lair.
  5427 | D:8      | Noticed Psyche
  5435 | D:8      | Killed Psyche
  5522 | D:8      | Found a glowing golden altar of the Shining One.
  5655 | D:8      | Noticed a two-headed ogre
  5671 | D:8      | Killed a two-headed ogre
  5672 | D:8      | Reached skill level 10 in Unarmed Combat
  6104 | D:8      | Reached ** piety under Cheibriados
  6717 | D:9      | Noticed a manticore
  6877 | D:9      | Found a blossoming altar of Fedhas.
  6946 | D:9      | Killed a manticore
  6947 | D:9      | Reached skill level 11 in Unarmed Combat
  6947 | D:9      | Reached XP level 11. HP: 55/107 MP: 10/10
  7176 | D:9      | Reached *** piety under Cheibriados
  7457 | D:9      | Found a broken altar of Ashenzari.
  8120 | D:9      | Found an iron altar of Okawaru.
  8130 | D:9      | Found an ornate altar of the Wu Jian Council.
  8133 | D:9      | Found a shimmering altar of Xom.
  8170 | D:10     | Entered Level 10 of the Dungeon
  8197 | D:10     | Got Itzude's Almanac of the Collective Fifth Circle
  8283 | D:10     | Found the +8 Wrath of Trog {antimagic, *Rage Rampage}
  8587 | D:10     | Reached **** piety under Cheibriados
  8784 | D:10     | Noticed Urug
  8797 | D:10     | Killed Urug
  8948 | Lair:1   | Entered Level 1 of the Lair of Beasts
  9262 | Lair:1   | Reached skill level 12 in Unarmed Combat
 10144 | Lair:2   | Found a transporter.
 10182 | Lair:2   | Reached XP level 12. HP: 90/119 MP: 11/11
 10196 | Lair:2   | Found a transporter.
 10199 | Lair:2   | Noticed an eight-headed hydra
 10222 | Lair:2   | Noticed Pechyafi's ghost (journeyman DDEE)
 10342 | Lair:2   | Found a hole to the Spider Nest.
 10369 | Lair:2   | Reached skill level 13 in Unarmed Combat
 10384 | Lair:2   | Reached ***** piety under Cheibriados
 10548 | Lair:2   | Noticed Amaemon
 10782 | Lair:2   | Found a staircase to the Shoals.
 10782 | Lair:2   | You fall into a shaft and drop 1 floor!
 10782 | Lair:3   | Noticed a six-headed hydra
 10788 | Lair:3   | Killed a ten-headed hydra
 10906 | Lair:3   | Noticed a four-headed hydra
 10955 | Lair:3   | Killed an 11-headed hydra
 11134 | Lair:3   | Reached skill level 1 in Invocations
 11164 | Lair:3   | Noticed Gastronok
 11182 | Lair:3   | Killed Gastronok
 11333 | Lair:3   | Reached XP level 13. HP: 126/128 MP: 15/15
 11338 | Lair:3   | Noticed Josephine
 11344 | Lair:3   | Reached skill level 5 in Invocations
 11355 | Lair:3   | Killed Josephine
 11474 | Lair:3   | Identified the +1 trident of Patterns {flame, +Blink rC-
                  | Dex+5 Stlth+}
 11600 | Lair:3   | Reached ****** piety under Cheibriados
 11923 | Lair:2   | Killed Amaemon
 12726 | Lair:4   | Found a staircase to the Slime Pits.
 12726 | Lair:4   | Found a viscous altar of Jiyva.
 12735 | Lair:4   | Noticed Nessos
 12741 | Lair:4   | Killed Nessos
 13273 | Lair:5   | Entered Level 5 of the Lair of Beasts
 13376 | Lair:5   | Reached skill level 5 in Shapeshifting
 13421 | Lair:5   | HP: 5/128 [elephant (12)]
 13685 | Lair:5   | Reached XP level 14. HP: 137/137 MP: 19/19
 13783 | Lair:5   | Found a runed translucent gate.
 13784 | Lair:5   | Found a runed translucent gate.
 13785 | Lair:5   | Found a runed translucent gate.
 14100 | Lair:5   | Noticed Jeojesum's ghost (journeyman MiBe)
 14124 | Lair:5   | HP: 6/137 [komodo dragon (25)]
 15188 | Lair:5   | Reached skill level 14 in Unarmed Combat
 15247 | Lair:5   | Killed Jeojesum's ghost
 15834 | D:11     | Learned a level 2 spell: Blink
 15837 | D:11     | Learned a level 2 spell: Lesser Beckoning
 15916 | D:11     | Noticed Lodul
 15923 | D:11     | Killed Lodul
 16356 | D:11     | Found a stormy altar of Qazlal.
 16618 | D:12     | Reached skill level 10 in Shapeshifting
 17089 | D:12     | Noticed Sonja
 17213 | D:12     | Found a staircase to the Orcish Mines.
 17442 | D:12     | Reached skill level 10 in Shields
 17832 | Orc:1    | Entered Level 1 of the Orcish Mines
 18230 | Orc:1    | Found Hepyn's Weapon Boutique.
 18234 | Orc:1    | Noticed Erica
 18245 | Orc:1    | Killed Erica
 18345 | Orc:2    | Entered Level 2 of the Orcish Mines
 18394 | Orc:2    | Noticed Donald
 18406 | Orc:2    | Killed Donald
 18673 | Orc:2    | Reached XP level 15. HP: 144/146 MP: 20/20
 18724 | Orc:2    | Found a staircase to the Elven Halls.
 18882 | Orc:2    | Found Gatifame's Jewellery Boutique.
 18882 | Orc:2    | Found Quarupeefe's General Store.
 18884 | Orc:2    | Found Xalud's Weapon Shoppe.
 18886 | Orc:2    | Found Enliahoyty's Jewellery Shop.
 18894 | Orc:2    | Bought the granite talisman "Wulum" {rC+ Dex-3 Stlth+} for
                  | 1585 gold pieces
 18896 | Orc:2    | Bought a ring of resist corrosion for 220 gold pieces
 18896 | Orc:2    | Bought a ring of see invisible for 165 gold pieces
 19399 | D:13     | Found a gate leading to a gauntlet.
 19964 | D:13     | Found a gate to the Vaults.
 21005 | D:14     | You fall into a shaft and drop 1 floor!
 21005 | D:15     | Entered Level 15 of the Dungeon
 21400 | D:15     | Identified the amulet "Ogri Xask" {Regen+ Dex+3}
 21748 | D:15     | Noticed Rupert
 21757 | D:15     | Killed Rupert
 21945 | D:15     | Found a staircase to the Depths.
 22074 | D:15     | Found a radiant altar of Vehumet.
 22388 | Spider:1 | Entered Level 1 of the Spider Nest
 22784 | Elf:1    | Entered Level 1 of the Elven Halls
 22804 | Elf:1    | Reached XP level 16. HP: 155/156 MP: 21/21
 22852 | Elf:1    | Reached skill level 1 in Translocations
 22866 | Elf:1    | Found a runed translucent gate.
 22866 | Elf:1    | Found a runed translucent gate.
 22866 | Elf:1    | Found a runed translucent gate.
 22868 | Elf:1    | Noticed Caoroid's ghost (adept DgIE)
 22868 | Elf:1    | Noticed Xif Uqaera's ghost (journeyman MiFi)
 22913 | Elf:1    | Reached skill level 1 in Spellcasting
 23270 | Elf:1    | Noticed Nikola
 23281 | Elf:1    | Killed Nikola
 23659 | Elf:1    | Noticed a deep elf blademaster
 23668 | Elf:1    | Killed a deep elf blademaster
 23863 | Elf:1    | Killed Xif Uqaera's ghost
 23864 | Elf:1    | Reached skill level 15 in Shapeshifting
 23872 | Elf:1    | Killed Caoroid's ghost
 23877 | Elf:1    | Identified the amulet "Zyucvak" {Reflect Harm ^Drain SH+5
                  | SInv}
 24248 | Spider:1 | Identified the ring "Qiemomm" {+Blink rC+ Str+3}
 24411 | Spider:1 | Identified a scroll of acquirement
 24417 | Spider:1 | Acquired 1324 gold pieces
 24485 | Spider:1 | Reached skill level 5 in Translocations
 25403 | Spider:2 | Reached skill level 15 in Unarmed Combat
 26514 | Spider:3 | Reached XP level 17. HP: 165/165 MP: 22/22
 26821 | Spider:3 | Reached skill level 10 in Fighting
 27110 | Spider:4 | Entered Level 4 of the Spider Nest
 27478 | Spider:4 | Noticed Arachne
 27980 | Spider:4 | Killed Arachne
 28248 | Spider:4 | Reached skill level 16 in Unarmed Combat
 28472 | Spider:4 | Got a gossamer rune of Zot
 29266 | Elf:2    | Acquired a manual of Shapeshifting
 29289 | Elf:2    | Reached XP level 18. HP: 176/176 MP: 23/23
 29618 | Elf:2    | Found a runed translucent gate.
 29619 | Elf:2    | Found a runed translucent gate.
 29619 | Elf:2    | Found a runed translucent gate.
 29716 | Elf:2    | Found Vytsoa's Antique Weapon Shoppe.
 29981 | Elf:2    | Noticed Agnes
 29993 | Elf:2    | Killed Agnes
 30371 | Elf:3    | Entered Level 3 of the Elven Halls
 30406 | Elf:3    | Found a runed translucent gate.
 30407 | Elf:3    | Found a runed translucent gate.
 30408 | Elf:3    | Found a runed translucent gate.
 30835 | Elf:3    | Noticed Diacedd's ghost (veteran BaSh)
 30906 | Elf:3    | Reached skill level 10 in Dodging
 30932 | Elf:3    | Identified the +5 flail of Mypiph {vamp, Dex+3 Stlth+}
 31285 | Elf:3    | Identified the ring "Duirroz" {+Blink rElec rPois rF-
                  | Dex+6}
 31289 | Elf:3    | Identified the +0 leather armour "Viar" {Fly rF+ Str+3
                  | Int+3}
 31294 | Elf:3    | Identified the +1 hand axe "Qerch" {freeze, rElec Int+3}
 31297 | Elf:3    | Identified the amulet "Oxkuon" {Reflect SH+5 SInv}
 31300 | Elf:3    | Noticed a Hell Sentinel
 31300 | Elf:3    | Noticed a Brimstone Fiend
 31301 | Elf:3    | Noticed a Brimstone Fiend
 31457 | Elf:3    | Identified the staff of Icusegocs {rF+ rCorr Fire}
 31457 | Elf:3    | Found the +2 Maxwell's thermic engine {flame, freeze, rev}
 31464 | Elf:3    | Got the Verses on Amalgamated Unholy Rituals
 31920 | Vaults:1 | Entered Level 1 of the Vaults
 31970 | Vaults:1 | You fall into a shaft and drop 1 floor!
 32007 | Vaults:1 | Reached XP level 19. HP: 187/187 MP: 24/24
 32026 | Vaults:1 | Got Filur's Essays on Exhumation and the Serac
 32402 | Vaults:1 | Reached skill level 17 in Unarmed Combat
 34218 | Vaults:3 | Found a staircase to the Crypt.
 34265 | Vaults:3 | Found Udaorru's General Store.
 34278 | Vaults:3 | Bought a potion of curing for 48 gold pieces
 34278 | Vaults:3 | Bought a potion of resistance for 160 gold pieces
 34379 | Vaults:3 | Reached skill level 18 in Unarmed Combat
 35157 | Vaults:4 | Reached XP level 20. HP: 198/198 MP: 25/25
 35538 | Vaults:4 | Found the ring of the Mage {Wiz Archmagi}
 35924 | Vaults:4 | Identified the +8 sling "Jumiar" {freeze, Dex+3}
 36050 | Vaults:4 | Reached skill level 19 in Unarmed Combat
 36295 | Vaults:4 | Learned a level 1 spell: Apportation
 36430 | Vaults:4 | Noticed a dread lich
 36440 | Vaults:4 | Killed a dread lich
 36551 | Vaults:5 | Entered Level 5 of the Vaults
 36872 | Vaults:5 | Noticed a dread lich
 36882 | Vaults:5 | Killed a dread lich
 36989 | Vaults:5 | Identified the ring of Ullek Rarch {rC+ rCorr Int+6}
 36993 | Vaults:5 | Noticed a golden dragon
 37003 | Vaults:5 | Reached XP level 21. HP: 131/210 MP: 17/26
 37011 | Vaults:5 | Killed a golden dragon
 37027 | Vaults:5 | Reached skill level 20 in Unarmed Combat
 37053 | Vaults:5 | Noticed a golden dragon
 37075 | Vaults:5 | Noticed an ancient lich
 37082 | Vaults:5 | Killed an ancient lich
 37104 | Vaults:5 | Killed a golden dragon
 37193 | Vaults:5 | Got a silver rune of Zot
 37679 | Vaults:5 | Identified the +1 ring mail of Tenacity {Rampage}
 37798 | Vaults:5 | Identified the staff of Vutaak {Stlth+ Conj Earth}
 38795 | Slime:1  | Entered Level 1 of the Pits of Slime
 38844 | Slime:1  | Gained mutation: You have hidden genetic defects. [a
                  | shining eye]
 39118 | Slime:2  | Reached skill level 21 in Unarmed Combat
 39181 | Slime:2  | Found a viscous altar of Jiyva.
 39503 | Slime:4  | Noticed Dissolution
 39515 | Slime:4  | Reached skill level 15 in Shields
 39809 | Slime:5  | Entered Level 5 of the Pits of Slime
 39841 | Slime:4  | Gained mutation: Potions are less effective at restoring
                  | your health. [hidden defects]
 39954 | Slime:5  | Reached XP level 22. HP: 222/222 MP: 27/27
 40013 | Slime:5  | Found a viscous altar of Jiyva.
 40015 | Slime:5  | Noticed the Royal Jelly
 40060 | Slime:5  | Killed the Royal Jelly
 40269 | Slime:5  | Gained mutation: Armour fits poorly on your strangely
                  | shaped body. [a shining eye]
 40269 | Slime:5  | Gained mutation: You are clumsy. (Dex -2) [a shining eye]
 40283 | Slime:5  | Identified the +2 trident "Ennev" {flame, Str+4}
 40308 | Slime:5  | Got a slimy rune of Zot
 40310 | Slime:5  | Got the Spellbook of Bones and Conflagration
 40311 | Slime:5  | Identified the +1 robe of the Several Ears {rF+ Dex+2}
 40354 | Slime:5  | Got Sif Muna's Elucidation of Injury and the Iceberg
 40368 | Slime:5  | Identified the +7 scimitar of a volcano {pain, rElec rF+
                  | Str+2 Stlth-}
 40409 | Slime:5  | Identified the +4 hand axe "Onacw" {freeze, +Blink rN+}
 40450 | Slime:5  | Identified the +6 glaive of Honour {freeze, rPois Str-2
                  | Int-5 Dex+6}
 41133 | Depths:1 | Entered Level 1 of the Depths
 41169 | Depths:1 | Gained mutation: You sometimes lose your temper in combat.
                  | [hidden defects]
 41169 | Depths:1 | Lost mutation: You have hidden genetic defects. [hidden
                  | defects expressed]
 41342 | D:15     | Lost mutation: You sometimes lose your temper in combat.
                  | [potion of mutation]
 41342 | D:15     | Lost mutation: You are clumsy. (Dex -2) [potion of
                  | mutation]
 41342 | D:15     | Lost mutation: Armour fits poorly on your strangely shaped
                  | body. [potion of mutation]
 41342 | D:15     | Gained mutation: You are resistant to electric shocks.
                  | (rElec) [potion of mutation]
 41497 | Depths:1 | Found a shimmering altar of Xom.
 41742 | Depths:1 | Reached XP level 23. HP: 232/232 MP: 28/28
 41755 | Depths:1 | Noticed a caustic shrike
 41758 | Depths:1 | Noticed a caustic shrike
 41760 | Depths:1 | Killed a caustic shrike
 41769 | Depths:1 | Killed a caustic shrike
 41927 | Depths:1 | Found a gateway to Hell.
 42077 | Depths:2 | Noticed Margery
 42094 | Depths:2 | Reached skill level 22 in Unarmed Combat
 42107 | Depths:2 | Killed Margery
 42143 | Depths:2 | Found a blossoming altar of Fedhas.
 42208 | Depths:2 | Noticed a caustic shrike
 42211 | Depths:2 | Noticed a caustic shrike
 42211 | Depths:2 | Noticed a caustic shrike
 42215 | Depths:2 | Killed a caustic shrike
 42216 | Depths:2 | Killed a caustic shrike
 42222 | Depths:2 | Killed a caustic shrike
 42260 | Depths:2 | Noticed a juggernaut
 42274 | Depths:2 | Killed a juggernaut
 42859 | Depths:2 | Noticed Grunn
 42864 | Depths:2 | Killed Grunn
 43142 | Depths:2 | Found a one-way gate leading to the halls of Pandemonium.
 43291 | Depths:3 | Reached XP level 24. HP: 243/243 MP: 28/28
 43372 | Depths:3 | Found a one-way gateway to a ziggurat.
 43543 | Depths:3 | Reached skill level 15 in Fighting
 43683 | Depths:3 | Reached skill level 23 in Unarmed Combat
 44090 | Depths:3 | Found the +10 Black Knight's barding {ponderous, rPois rN+}
 44216 | Depths:3 | Found a one-way gate to the infinite horrors of the Abyss.
 44480 | Depths:4 | Entered Level 4 of the Depths
 45142 | Depths:4 | Found a gate to the Realm of Zot.
 45308 | Depths:4 | Identified the +0 mace of Risk Management {vamp, rElec
                  | Str+6}
 45701 | Zot:1    | Entered Level 1 of the Realm of Zot
 45746 | Zot:1    | Noticed a dread lich
 45749 | Zot:1    | Killed a dread lich
 45750 | Zot:1    | Noticed a dread lich
 45752 | Zot:1    | Identified the ring of Nuuskiha {Fire ^Drain rN+ rCorr}
 45756 | Zot:1    | Noticed a dread lich
 45760 | Zot:1    | Killed a dread lich
 45773 | Zot:1    | Killed a dread lich
 45905 | Zot:1    | Identified the amulet of the Sky {RegenMP rElec rPois Dex+2
                  | Slay-2}
 45999 | Zot:1    | Found a white marble altar of Elyvilon.
 46014 | Zot:1    | Reached skill level 24 in Unarmed Combat
 46448 | Zot:1    | Noticed an orb of fire
 46455 | Zot:1    | Killed an orb of fire
 46629 | Zot:1    | Reached XP level 25. HP: 256/256 MP: 28/28
 46859 | Zot:1    | Found an iron altar of Okawaru.
 47415 | Zot:2    | Noticed a Killer Klown
 47415 | Zot:2    | Noticed a Killer Klown
 47425 | Zot:2    | Killed a Killer Klown
 47427 | Zot:2    | Killed a Killer Klown
 47429 | Zot:2    | Noticed a Killer Klown
 47436 | Zot:2    | Killed a Killer Klown
 47505 | Zot:2    | Found Eraentat's CLEARANCE SALE!.
 47848 | Zot:2    | Found a shimmering altar of Xom.
 47849 | Zot:2    | Found a shimmering altar of Xom.
 47850 | Zot:2    | Found a shimmering altar of Xom.
 47850 | Zot:2    | Found a glowing silver altar of Zin.
 47850 | Zot:2    | Found a shimmering altar of Xom.
 47851 | Zot:2    | Found a shimmering altar of Xom.
 47857 | Zot:2    | Found a shimmering altar of Xom.
 47865 | Zot:2    | Found a shimmering altar of Xom.
 48370 | Zot:3    | Reached skill level 25 in Unarmed Combat
 49448 | Zot:4    | Found the +4 dragonskin cloak
 49448 | Zot:4    | Noticed Tiamat
 49782 | Zot:4    | Killed Tiamat
 50002 | Zot:4    | Found the +8 pair of quick blades "Gyre" and "Gimble"
                  | {protect}
 50139 | Zot:4    | Identified the +1 flail "Qazilod" {heavy, Int+3}
 50183 | Zot:4    | Identified the +0 short sword of Indomitability {flame, rC+
                  | rCorr Dex+2}
 50470 | Zot:4    | Reached skill level 26 in Unarmed Combat
 50856 | Zot:5    | Entered Level 5 of the Realm of Zot
 50896 | Zot:5    | Noticed an ancient lich
 50896 | Zot:5    | Noticed an orb of fire
 50896 | Zot:5    | Noticed a dread lich
 50896 | Zot:5    | Noticed an orb of fire
 50896 | Zot:5    | Noticed a Killer Klown
 50896 | Zot:5    | Noticed an ancient lich
 50902 | Zot:5    | Gained mutation: Your spells are a little easier to cast,
                  | but a little less powerful. [an orb of fire]
 50905 | Zot:5    | Killed an orb of fire
 50906 | Zot:5    | Gained mutation: Armour fits poorly on your strangely
                  | shaped body. [an orb of fire]
 50907 | Zot:5    | Killed an orb of fire
 50908 | Zot:5    | Killed a dread lich
 50910 | Zot:5    | Noticed an orb of fire
 50910 | Zot:5    | Noticed a dread lich
 50910 | Zot:5    | Noticed a Killer Klown
 50910 | Zot:5    | Noticed a dread lich
 50912 | Zot:5    | Lost mutation: You are resistant to electric shocks.
                  | (rElec) [an orb of fire]
 50913 | Zot:5    | Noticed an ancient lich
 50913 | Zot:5    | Noticed an ancient lich
 50914 | Zot:5    | Noticed a dread lich
 50917 | Zot:5    | Killed an orb of fire
 50921 | Zot:5    | Killed a dread lich
 50922 | Zot:5    | Reached XP level 26. HP: 240/270 MP: 10/28
 50923 | Zot:5    | Killed a dread lich
 50981 | Zot:5    | Found a transporter.
 50984 | Zot:5    | Noticed EnegeticOcto's ghost (legendary FoSh)
 50986 | Zot:5    | Found a bloodstained altar of Trog.
 50986 | Zot:5    | Found a transporter.
 50986 | Zot:5    | Identified the +4 cloak of Starshine {rElec Dex+3}
 50987 | Zot:5    | Identified the +0 cloak "Cougak" {Fly rElec Will+ Dex+3}
 51337 | Zot:5    | Noticed a dread lich
 51345 | Zot:5    | Killed a dread lich
 51350 | Zot:5    | Reached skill level 27 in Unarmed Combat
 51362 | Zot:5    | Killed a dread lich
 51402 | Zot:5    | Noticed an ancient lich
 51405 | Zot:5    | Killed an ancient lich
 51409 | Zot:5    | Killed an ancient lich
 51412 | Zot:5    | Killed an ancient lich
 51703 | Zot:5    | Killed an ancient lich
 51717 | Zot:5    | Noticed an ancient lich
 51733 | Zot:5    | Killed an ancient lich
 51742 | Zot:5    | Killed an ancient lich
 52079 | Zot:5    | Got the Orb of Zot
 52391 | D:14     | Noticed Amedaose the pandemonium lord
 52426 | D:11     | Gained mutation: You are clumsy. (Dex -2) [a neqoxec]
 52692 | D:$      | Escaped with the Orb!

Illustrated notes

Levels and vault maps discovered:
D:1:      onia_arrival_handbag, layout_basic, corner_web_ring
D:2:      layout_rooms, minmay_misc_feat_nine_boxes, uniq_terence
D:3:      layout_rooms, serial_shops,
          nicolae_shop_temple_entry_statues_fountains,
          shapermc_ecumenical_altar_pompeii, supply_closet_lemuel,
          minmay_bisected
D:4:      layout_basic, minitemple, serial_shops, nicolae_stop_n_shop_2
D:5:      layout_cave_pools, kennysheep_mini_moat,
          minmay_temple_entry_junction_2
D:6:      layout_loops_corners, old_standard_altar
D:7:      layout_basic, cheibriados_altar_2, uniq_joseph, uniq_maurice,
          uniq_jeremiah
D:8:      layout_loops_ring, tso_metal_star, due_lair_maze_entry_diamond,
          bh_walls_and_bars, uniq_psyche
D:9:      layout_long_grid, mainiacjoe_overflow_small_starburst,
          nicolae_ashenzari_panopticon, minmay_overflow_temple_star_quad
D:10:     layout_loops_ring, uniq_urug
D:11:     layout_stronghold, st_stairs_1, roadster_trireme, uniq_lodul
D:12:     layout_loops_ring, david_orc_1_choice, nicolae_straight_to_the_point,
          uniq_sonja
D:13:     layout_grid_maze, grunt_vaults_entry_tiered, gauntlet_entry_generic,
          lightli_wizard_tower
D:14:     layout_basic, minmay_crystal_room
D:15:     grunt_enter_depths_hoard, layout_grid_maze, minmay_misc_feat_encased,
          vehumet_statue, uniq_rupert
Temple:   nicolae_temple_bog_church
Lair:1:   layout_cave_pods
Lair:2:   layout_small_grid, elwin_shoals_entry_stream, spider_nest_entry_webs,
          gammafunk_ghost_berserking_beasts, serial_bayou_shore_a,
          lemuel_fruit_fields, infiniplex_staircase_pool_2, uniq_amaemon
Lair:3:   layout_long_grid, mumra_transporter_accident, minivault_11,
          grunt_megastairs_4, uniq_gastronok, uniq_josephine
Lair:4:   layout_hall_layers, slime_entry_1, lemuel_fruit_fields, uniq_nessos
Lair:5:   guppyfry_lair_end_dragon, layout_misc_corridors,
          maelrawn_ghost_gauntlet_escape, grunt_megastairs_1,
          infiniplex_staircase_pool
Spider:1: layout_spider_delve, hangedman_spider_tarantella_strand
Spider:2: layout_chambers
Spider:3: layout_spider_delve
Spider:4: johnstein_spider_rune_arachne_lair, nicolae_spider_scorpion_nest,
          uniq_arachne
Slime:1:  layout_caves
Slime:2:  layout_caves, basic_altar
Slime:3:  layout_caves
Slime:4:  layout_caves, uniq_dissolution
Slime:5:  slime_pit
Orc:1:    layout_diamond_mine, serial_shops, shop, roderic_batcave, uniq_erica
Orc:2:    st_orc_rangers, layout_diamond_mine, special_room,
          hangedman_minor_magic, uniq_donald
Elf:1:    cheibrodos_elf_bladeworks, layout_geoelf_diagonals,
          gammafunk_ghost_cemetery, minivault_28,
          serial_library_hellmonk_hallway_a, uniq_nikola
Elf:2:    nicolae_elf_blades_crystal_corner, layout_gridlike, serial_shops,
          nicolae_lakefront_shop, minmay_misc_feat_columns, uniq_agnes
Elf:3:    grunt_elf_hall_asides, layout_geoelf_octagon,
          ebering_ghost_rock_garden, minivault_16
Vaults:1: nicolae_vaults_mitosis, hangedman_vaults_corner_blocks,
          ontoclasm_vaults_pinch, nicolae_vaults_trapezoid_3, v_pattern_4,
          vaults_room_door_ring, nicolae_vaults_trapezoid_1,
          nicolae_vaults_little_squares_5, nicolae_vaults_wine_cellar,
          nicolae_vaults_cornered_office, nicolae_vaults_two_Ls,
          nicolae_vaults_doubleplus_tesselated, nicolae_vaults_surprise_closet,
          st_more_cells, vaults_dpeg_encased_lava, layout_vaults_ring,
          serial_shops
Vaults:2: mu_enter_wizlab_1, nicolae_vaults_corridor_and_loot_room,
          nicolae_vaults_house_3, ontoclasm_vaults_hangar,
          layout_vaults_omnigrid
Vaults:3: minmay_crypt_entry_simple_sparse, vaults_dpeg_doors, v_misc_33,
          nicolae_vaults_double_plus_1, nicolae_vaults_trapezoid_lopsided_2,
          v_alt_pattern_4, nicolae_vaults_stairing_the_circle,
          ontoclasm_vaults_bender, nicolae_vaults_shelves_hall,
          nicolae_vaults_shipping_containers_6, dpeg_vaults_monster_box,
          hangedman_vaults_locks, nicolae_vaults_house_3, layout_vaults_omnibox,
          serial_shops, nicolae_shop_temple_entry_statues_fountains
Vaults:4: v_misc_16, ontoclasm_vaults_ring_large,
          nicolae_vaults_surprise_closet, hangedman_vaults_nails,
          nicolae_vaults_big_angled_halls, nicolae_vaults_storage_closets_2,
          nicolae_vaults_stepped_doors, vaults_room_boxed,
          dpeg_vaults_hating_casters, v_misc_8, layout_vaults_chaotic_city
Vaults:5
Depths:1: layout_cave_pools, xom_teletrap_fun, pf_coc_iceberg, hangedman_aviary
Depths:2: minmay_curly_fans, layout_honeycomb, fedhas_altar_2, grunt_metal_band,
          rand_demon_pan_entry_9, chequers_serial_rivers_marsh, uniq_josephina,
          uniq_grunn
Depths:3: angbandy_vault, layout_cave_pools, enter_ziggurat_b,
          nrook_pool_corridor, grunt_pan_entry_in_and_out,
          pf_hell_entry_tar_river, abyss_entry_crystal, minmay_misc_feat_plants,
          minivault_14
Depths:4: grunt_x_marks_the_spot, layout_gridville, serial_co_window_serial,
          co_window_cross_1, co_window_corner_a, co_window_corner_a,
          co_window_paths_a, co_window_corner_a, co_window_paths_a,
          co_window_of_opportunity_a, co_window_2corner,
          co_window_unsneaky_path_b, co_window_corner_ca,
          co_window_unsneaky_path_a, co_window_of_opportunity_c,
          co_window_broadway_a, co_window_broadway_c, glass_columns_a,
          glass_columns_a, hell_entry
Zot:1:    hellmonk_paralyzer, layout_concentric_octagons,
          hangedman_feature_mirror
Zot:2:    dreamdust_zin_vs_xom, layout_twisted_circle, nicolae_shop_clearance
Zot:3:    layout_onion_interference, hangedman_zot_gyre, grunt_megastairs_5
Zot:4:    layout_twisted_circle, st_grand_hoard_of_tiamat
Zot:5:    layout_basic, gammafunk_ghost_wrathful_warriors

Skill      XL: |  1  2  3  4  5  6  7  8  9 10 11 12 13 14 15 16 17 18 19 20 21 22 23 24 25 26 |
---------------+-------------------------------------------------------------------------------+-----
Shields        | 3 4 5 6 7 8 9 10 11 12 13 14 15 16 | 16.6
Unarmed Combat | 3 4 5 6 7 9 11 12 13 14 15 16 18 19 21 22 24 26 27 | 27.0
Fighting       | 3 4 5 6 7 8 9 10 11 12 13 14 15 17 19 | 19.7
Dodging        | 3 4 5 6 7 8 9 10 | 10.2
Invocations    | 4 8 |  8.0
Shapeshifting  | 7 10 14 15 16 20 21 22 23 | 23.3
Translocations | 5 |  5.0
Spellcasting   | 2 |  2.0

Action                     |  1- 3 |  4- 6 |  7- 9 | 10-12 | 13-15 | 16-18 | 19-21 | 22-24 | 25-27 || total
---------------------------+-------+-------+-------+-------+-------+-------+-------+-------+-------++-------
  Melee: Unarmed           |    64 |   164 |   288 |   543 |  1131 |   914 |   992 |   678 |   534 ||  5308
  Throw: Dart              |       |       |     5 |       |     1 |       |       |       |       ||     6
   Cast: Lesser Beckoning  |       |       |       |       |       |   130 |    28 |    21 |    24 ||   203
         Blink             |       |       |       |       |       |     2 |     4 |       |       ||     6
 Invoke: Bend Time         |       |       |       |     1 |     5 |     1 |     3 |     2 |     2 ||    14
         Slouch            |       |       |       |       |    16 |    12 |     4 |     7 |     2 ||    41
         Temporal Distorti |       |       |       |       |       |     2 |     1 |       |       ||     3
  Evoke: Wand              |       |     4 |     1 |       |       |       |       |       |     1 ||     6
    Use: Scroll            |       |     5 |     3 |     5 |    11 |    12 |    14 |     4 |     6 ||    60
         Potion            |       |       |     7 |     1 |     7 |     2 |     3 |     3 |     8 ||    31
   Stab: Sleeping          |     1 |     2 |       |     3 |     5 |     5 |     8 |     5 |     4 ||    33
         Distracted        |       |       |       |     1 |     2 |     2 |     2 |     2 |       ||     9
 Armour: Robe              |    28 |    81 |   174 |   235 |   186 |       |       |       |       ||   704
         Skin              |       |       |       |    23 |   107 |  1074 |   796 |   760 |   516 ||  3276
         Acid dragon scale |       |       |       |       |   264 |       |       |       |       ||   264
  Dodge: Dodged            |    19 |    40 |    90 |   176 |   630 |   907 |   585 |   612 |   367 ||  3426
  Block: Kite shield       |    23 |    43 |   123 |   289 |   871 |  1025 |  1388 |  1114 |   766 ||  5642
         Reflection        |       |       |       |       |       |     5 |   112 |    11 |    12 ||   140
         Form:             |       |       |     1 |       |       |     1 |       |       |       ||     2
         Beast             |       |       |     1 |       |       |       |       |       |       ||     1
         Maw               |       |       |     1 |       |       |       |       |       |       ||     1
         Statue            |       |       |       |       |     1 |     1 |       |     1 |       ||     3
         Death             |       |       |       |       |       |       |       |     1 |       ||     1
